 Dungeon Crawl Stone Soup version 0.21-a0-591-g2314aa1 (webtiles) character file.

4307 Amnesiac the Geomancer (level 10, -13/54 HPs)
             Began as a Deep Elf Earth Elementalist on Dec 22, 2017.
             Was an Initiate of Ashenzari.
             Mangled by a yak (16 damage)
             ... on level 9 of the Dungeon.
             The game lasted 00:12:35 (6938 turns).

Amnesiac the Geomancer (DEEE)                       Turns: 6938, Time: 00:12:36

Health: -13/54     AC:  4    Str:  5    XL:     10   Next: 11%
Magic:  7/27       EV: 13    Int: 31    God:    Ashenzari [......]
Gold:   478        SH:  0    Dex: 15    Spells: 19/31 levels left

rFire    . . .     SeeInvis .   K - +0 dagger (drain)
rCold    . . .     Gourm    .   (no shield)
rNeg     . . .     Faith    .   c - +0 robe
rPois    .         Spirit   .   G - +0 helmet
rElec    .         Reflect  .   y - +0 cloak
rCorr    .         Harm     .   (no gloves)
MR       +....                  (no boots)
Stlth    +++.......             (no amulet)
HPRegen  0.18/turn              M - +4 ring of intelligence
MPRegen  0.20/turn              s - +3 ring of intelligence

@: flying
A: no striking features
a: Curse Item, Renounce Religion


You were on level 9 of the Dungeon.
You worshipped Ashenzari.
Ashenzari was noncommittal.
You were not hungry.

You visited 2 branches of the dungeon, and saw 10 of its levels.
You also visited: Sewer.

You collected 478 gold pieces.

Inventory:

Hand Weapons
 r - a +2 rapier of speed
 A - a +2 shortbow of freezing
 I - a +0 blowgun
 K - a +0 dagger of draining (weapon)
Missiles
 b - 43 stones (quivered)
 j - 3 javelins of penetration
 B - 192 arrows
 D - a throwing net
 H - 46 poisoned needles
 P - 3 needles of paralysis
Armour
 c - a +0 robe (worn)
 y - a +0 cloak (worn)
 G - a +0 helmet (worn)
Jewellery
 o - an uncursed amulet of rage
 s - a +3 ring of intelligence (right hand)
 M - a +4 ring of intelligence (left hand)
Wands
 z - a wand of digging (26)
 J - a wand of polymorph (8)
 N - a wand of paralysis (15)
Scrolls
 g - 2 scrolls of enchant weapon {!r, unknown}
 h - 2 scrolls of blinking {!r, unknown}
 i - 5 scrolls of teleportation {!r, unknown}
 k - 4 scrolls of remove curse {!r}
 n - 11 scrolls of identify {!r, unknown}
 u - 2 scrolls of magic mapping {!r, unknown}
 w - a scroll of amnesia {!r, unknown}
 L - a scroll of fear {!r, unknown}
 O - a scroll of enchant armour {!r, unknown}
 Q - a scroll of fog {!r, unknown}
 R - 2 scrolls of noise {!r, unknown}
 S - a scroll of immolation {!r, unknown}
 T - a scroll of holy word {!r, unknown}
Potions
 a - 2 potions of flight {!q}
 f - 4 potions of might {!q, unknown}
 l - 2 potions of heal wounds {!q, unknown}
 m - a potion of lignification {!q, unknown}
 p - 3 potions of curing {!q}
 q - a potion of agility {!q, unknown}
 t - a potion of degeneration {!q, unknown}
 x - 2 potions of magic {!q, unknown}
 C - 2 potions of haste {!q, unknown}
 E - a potion of ambrosia {!q, unknown}
Books
 e - a book of Geomancy

   Spells                             Type                      Level
   a - Sandblast                      Earth                        1
   b - Passwall                       Transmutation/Earth          2
   c - Stone Arrow                    Conjuration/Earth            3
   d - Petrify                        Transmutation/Earth          4
   e - Lee's Rapid Deconstruction     Earth                        5
 v - a book of Frost

   Spells                             Type                      Level
   a - Freeze                         Ice                          1
   b - Throw Frost                    Conjuration/Ice              2
   c - Ozocubu's Armour               Charms/Ice                   3
   d - Throw Icicle                   Conjuration/Ice              4
   e - Summon Ice Beast               Ice/Summoning                4
Comestibles
 d - 17 rations


   Skills:
 - Level 2.4 Fighting
 + Level 5.0 Short Blades
 - Level 2.4 Dodging
 - Level 6.0 Stealth
 - Level 11.0 Spellcasting
 - Level 1.1 Transmutations
 - Level 11.0 Earth Magic


You had 19 spell levels left.
You knew the following spells:

 Your Spells              Type           Power        Failure   Level  Hunger
a - Sandblast             Erth           ######       1%          1    None
b - Passwall              Tmut/Erth      ######....   1%          2    None
d - Lee's Rapid Deconstr  Erth           ######....   1%          5    ##.....
e - Petrify               Tmut/Erth      ######..     2%          4    None


Dungeon Overview and Level Annotations

Branches:
Dungeon (9/15)             Temple (1/1) D:7
   Lair: D:8-11         Orc: D:9-12

Altars:
Ashenzari
Cheibriados
Dithmenos
Elyvilon
Fedhas
Gozag
Hepliaklqana
Kikubaaqudgha
Makhleb
Nemelex Xobeh
Okawaru
Qazlal
Ru
Sif Muna
Trog
Uskayaw
Vehumet
Wu Jian
Xom
Yredelemnul
Zin
The Shining One

Shops:
D:6 }:%:   D:8 :

Annotations:
D:5 2 transporters
D:9 Erica; brew9's ghost, novice HOFi


Message History

The yak is moving more slowly.
You hear a bellow!
A yak comes into view.
Casting: Petrify
Confirm with . or Enter, or press ? or * to list all spells.
Aiming: Petrify
Press: ? - help, Shift-Dir - straight line, f - yak, p - yak
Aim: a yak (chance to defeat MR: 73%)
The yak struggles to resist.
Unknown command.
Casting: Petrify
Confirm with . or Enter, or press ? or * to list all spells.
Aiming: Petrify
Press: ? - help, Shift-Dir - straight line, f/p - yak
Aim: a yak (chance to defeat MR: 73%)
The yak is moving more slowly.
Unknown command.
The yak stops moving altogether!
The yak gores you!
The yak stops moving altogether!
The helpless yak fails to defend itself.
You impale the yak!!
The yak is heavily wounded.
The helpless yak fails to defend itself.
You impale the yak!!
The yak is almost dead.
The yak misses you.
The helpless yak fails to defend itself.
You impale the yak!!
You kill the yak!
Training target 11.0 for Spellcasting reached!
Your Spellcasting skill increases to level 11!
The yak barely misses you.
You see here a yak corpse.
The helpless yak fails to defend itself.
You impale the yak!!
The yak is heavily wounded.
The yak gores you.
The helpless yak fails to defend itself.
You impale the yak!! You drain the yak!
The yak is almost dead.
The yak barely misses you.
The helpless yak fails to defend itself.
You impale the yak!!
You kill the yak!
Your Short Blades skill increases to level 5!
The yak gores you!
* * * LOW HITPOINT WARNING * * *
Casting: Petrify
Confirm with . or Enter, or press ? or * to list all spells.
Aiming: Petrify
Press: ? - help, Shift-Dir - straight line, f - yak
Aim: a yak (chance to defeat MR: 73%)
The yak struggles to resist.
Unknown command.
The yak gores you but does no damage. The yak gores you!
* * * LOW HITPOINT WARNING * * *
Found an escape hatch in the floor.
Really quaff
a - 3 puce potions {!q}?
It was a potion of flight {!q}.
You feel very buoyant.
You fly up into the air.
The yak gores you!
You die...

..##.#....#........
............#....## . ..
#.#......#..... .
#.##W#†....##...###.
.....)..............
.....##.#.†.......#
......#.#.........# ..
#.......##....##..# ....
.....)#.##....##@.#.....
#####.#.##....##Y.......
.<.....<#............#.>
#########..#.........+ #
#....#.........# #
###............#
..##########.# ## .# #


You could see a yak.

Vanquished Creatures
  An unseen horror (D:6)
  A troll (D:6)
  3 yaks (D:9)
  An orc warrior (D:6)
  3 ogres
  4 centaurs
  8 big kobolds
  The ghost of p0werm0de the Sneak, an amateur OpFE (D:3)
  2 bullfrogs (D:7)
  A wyvern zombie (D:7)
  3 scorpions
  6 killer bees (D:8)
  3 crimson imps
  A howler monkey (D:4)
  A centaur zombie (D:8)
  4 orc priests
  3 hounds (D:6)
  3 jellies
  11 orc wizards
  2 centaur skeletons
  An iguana (D:7)
  3 worker ants
  A hound skeleton (D:6)
  A worker ant zombie (D:7)
  3 gnolls (D:5)
  11 adders
  2 river rats
  3 oozes
  An adder zombie (D:6)
  2 worms (Sewer)
  3 dart slugs
  3 leopard geckos
  26 orcs
  4 bats
  8 giant cockroaches
  8 goblins
  5 hobgoblins
  2 jackals (D:6)
  26 kobolds
  3 quokkas
  4 ball pythons
  6 frilled lizards
  A jackal zombie (D:6)
  A leopard gecko skeleton (D:4)
  13 rats
203 creatures vanquished.

Notes
Turn   | Place    | Note
-------+----------+-------------------------------------------
     0 | D:1      | Amnesiac the Deep Elf Earth Elementalist began the quest for the Orb.
     0 | D:1      | Reached XP level 1. HP: 10/10 MP: 6/6
   180 | D:1      | Reached XP level 2. HP: 15/15 MP: 6/8
   184 | D:1      | Learned a level 2 spell: Passwall
   571 | D:2      | Reached XP level 3. HP: 19/19 MP: 5/10
  1270 | D:2      | Reached skill level 5 in Earth Magic
  1270 | D:2      | Reached XP level 4. HP: 14/24 MP: 7/12
  1279 | D:2      | Learned a level 4 spell: Petrify
  1713 | D:3      | Noticed p0werm0de's ghost (amateur OpFE)
  1720 | D:3      | Killed p0werm0de's ghost
  1720 | D:3      | Reached skill level 5 in Spellcasting
  1720 | D:3      | Reached XP level 5. HP: 23/28 MP: 8/14
  1727 | D:3      | Learned a level 5 spell: Lee's Rapid Deconstruction
  2249 | D:4      | Found a glowing drain.
  2290 | Sewer    | Entered a sewer
  2373 | Sewer    | Reached XP level 6. HP: 32/32 MP: 10/16
  2557 | Sewer    | Reached XP level 7. HP: 36/36 MP: 14/18
  3425 | D:5      | Entered Level 5 of the Dungeon
  3505 | D:5      | Reached XP level 8. HP: 19/41 MP: 12/21
  3589 | D:5      | Found a transporter.
  3627 | D:5      | Found a transporter.
  4062 | D:6      | Found Voliy's Food Shop.
  4098 | D:6      | Killed an unseen horror
  4098 | D:6      | Reached skill level 10 in Earth Magic
  4122 | D:6      | Reached XP level 9. HP: 25/45 MP: 19/24
  4397 | D:6      | Found Atuyh's Book Shoppe.
  4469 | D:6      | Found Plog's Book Boutique.
  4478 | D:6      | Found Fiowureg's Gadget Emporium.
  4702 | D:6      | Noticed a troll
  4724 | D:6      | Killed a troll
  4724 | D:6      | Reached skill level 1 in Fighting
  4724 | D:6      | Reached skill level 1 in Short Blades
  4971 | D:6      | Found a glowing golden altar of the Shining One.
  5056 | D:7      | Found a staircase to the Ecumenical Temple.
  5065 | Temple   | Entered the Ecumenical Temple
  5098 | Temple   | Became a worshipper of Ashenzari the Shackled
  5742 | D:7      | Reached skill level 10 in Spellcasting
  5848 | D:8      | Found Ruwepecite's Book Shoppe.
  5869 | D:8      | Reached skill level 5 in Stealth
  6063 | D:8      | Found an ancient bone altar of Kikubaaqudgha.
  6145 | D:8      | Found a sacrificial altar of Ru.
  6145 | D:8      | Found a blossoming altar of Fedhas.
  6867 | D:9      | Noticed Erica
  6894 | D:9      | Noticed brew9's ghost (novice HOFi)
  6903 | D:9      | Reached XP level 10. HP: 46/54 MP: 17/26
  6928 | D:9      | Reached skill level 5 in Short Blades
  6938 | D:9      | Mangled by a yak

Vault maps used:
D:1:      minmay_arrival_widening_spiral_wide
D:2:      minmay_box_of_dots
D:4:      portal_sewer_entry_a, kennysheep_windowed_goal
D:5:      gammafunk_cloud_chamber, first_ration
D:6:      tso_altar, serial_shops, shop, nicolae_shop_crystal, shop,
          shop_statue, minmay_three_doors
D:7:      minmay_temple_entry_mist
D:8:      chequers_temple_overflow_statue_of_worship, lemuel_doored_altar,
          serial_shops, nicolae_shop_stone
D:9:      cheibrodos_shockbox, enter_bailey_2, uniq_erica, uniq_joseph
Temple:   compressed_dpeg_circular_temple
Sewer:    sewer_co_tree

Skill      XL: |  1  2  3  4  5  6  7  8  9 10 |
---------------+-------------------------------+-----
Earth Magic    | 4 5 6 7 9 10 11 | 11.0
Spellcasting   | 4 5 6 7 9 10 11 | 11.0
Fighting       | 2 |  2.4
Short Blades   | 4 5 |  5.0
Stealth        | 6 |  6.0
Dodging        | |  2.4
Transmutations | |  1.1

Action                   |  1- 3 |  4- 6 |  7- 9 | 10-12 || total
-------------------------+-------+-------+-------+-------++-------
Melee: Unarmed           |    31 |       |       |       ||    31
       Mace              |    43 |     9 |       |       ||    52
       Rapier            |       |    10 |    28 |       ||    38
       Dagger            |       |       |    18 |     8 ||    26
 Cast: Sandblast         |    32 |    55 |   162 |     2 ||   251
       Lee's Rapid Decon |       |       |     9 |       ||     9
       Passwall          |       |       |     6 |       ||     6
       Petrify           |       |       |     6 |     4 ||    10
  Use: Potion            |       |       |     1 |     1 ||     2
 Stab: Sleeping          |     4 |       |     4 |       ||     8
       Petrified         |       |       |    16 |     8 ||    24
       Petrifying        |       |       |     2 |       ||     2
  Eat: Chunk             |     1 |     4 |    14 |     1 ||    20
Armor: Robe              |    10 |     3 |    17 |     1 ||    31
Dodge: Dodged            |    72 |    18 |    67 |     3 ||   160

Table legend:
 A = Spawn XP
 B = Non-spawn XP
 C = Spawn XP percentage of total XP
 D = Spawn monster count
 E = Non-spawn monster count
 F = Spawn count percentage of total count
 G = Total turns spent on level
                    A         B        C        D         E        F      G
               +---------+---------+-------+---------+---------+-------+---------
         Total |       0 |    6153 |   0.0 |       0 |     203 |   0.0 |  6938
               +---------+---------+-------+---------+---------+-------+---------
           D:1 |       0 |      31 |   0.0 |       0 |      19 |   0.0 |   571
           D:2 |       0 |      89 |   0.0 |       0 |      21 |   0.0 |   929
           D:3 |       0 |     205 |   0.0 |       0 |      17 |   0.0 |   781
           D:4 |       0 |     254 |   0.0 |       0 |      15 |   0.0 |   868
           D:5 |       0 |     685 |   0.0 |       0 |      25 |   0.0 |   411
           D:6 |       0 |    1667 |   0.0 |       0 |      23 |   0.0 |   994
           D:7 |       0 |     688 |   0.0 |       0 |      17 |   0.0 |   706
           D:8 |       0 |    1105 |   0.0 |       0 |      30 |   0.0 |  1035
           D:9 |       0 |     720 |   0.0 |       0 |       8 |   0.0 |    74
         Sewer |       0 |     709 |   0.0 |       0 |      28 |   0.0 |   502
               +---------+---------+-------+---------+---------+-------+---------
